 Dungeon Crawl Stone Soup version 0.18-a0-1-gfac8111 (webtiles) character file.

16 Duffy the Chopper (level 2, 0/28 HPs)
             Began as a Naga Berserker on Oct 30, 2015.
             Was a Follower of Trog.
             Slain by a giant newt (1 damage)
             ... on level 1 of the Dungeon.
             The game lasted 00:00:31 (167 turns).

Duffy the Chopper (Naga Berserker)                   Turns: 167, Time: 00:00:31

Health: 0/28       AC:  1    Str: 19    XL:     2   Next: 54%
Magic:  2/2        EV:  9    Int:  7    God:    Trog [*.....]
Gold:   19         SH:  0    Dex: 10    Spells: 0 memorised, 1 level left

rFire  . . .     SeeInvis +     a - +0 hand axe
rCold  . . .     Clarity  .     b - +0 animal skin
rNeg   . . .     SustAt   .     (no shield)
rPois  +         Gourm    .     (no helmet)
rElec  .         Spirit   .     (no cloak)
rCorr  .         Warding  .     (no gloves)
rMut   .         Stasis   .     (no barding)
MR     .....                    (no amulet)
Stlth  +.........               (no ring)
                                (no ring)

@: exhausted, slowed, very slow, not resistant to hostile enchantments, very
unstealthy
A: see invisible, deformed body, poison resistance, slowness 2, slow metabolism
1, spit poison 2, AC +0
a: Spit Poison, Berserk, Burn Spellbooks, Renounce Religion


You were on level 1 of the Dungeon.
You worshipped Trog.
Trog was aware of your devotion.
You were not hungry.

You visited 1 branch of the dungeon, and saw 1 of its levels.

You collected 19 gold pieces.


Innate Abilities, Weirdness & Mutations

You cannot wear boots.
Your serpentine skin is tough (AC +0).
You have supernaturally acute eyesight.
Armour fits poorly on your strangely shaped body.
Your system is resistant to poisons.
You cover ground very slowly.
You have a slow metabolism.
You can spit poison.


   Skills:
 - Level 3.0 Fighting
 + Level 3.8 Axes
 - Level 1.5 Armour
 - Level 1.5 Dodging


You had one spell level left.
You didn't know any spells.

Inventory:

Hand Weapons
 a - a +0 hand axe (weapon)
Armour
 b - a +0 animal skin (worn)
Potions
 d - a potion of curing {unknown}
Comestibles
 c - a bread ration

Dungeon Overview and Level Annotations

Branches:
Dungeon (1/15)

Altars:


Message History

A giant newt comes into view.
You slash the giant newt!
You feel the power of Trog in you as your rage grows.
You kill the giant newt!
Trog accepts your kill.
The kobold throws a stone.
The stone closely misses you.
A giant newt comes into view.
You swing at nothing.
You swing at nothing.
You feel a strong urge to attack something.
You are no longer berserk.
You are exhausted.
You feel yourself slow down.
You swing at nothing.
The kobold throws a stone.
The stone hits you but does no damage.
You swing at nothing.
The giant newt hisses menacingly.
The kobold throws a stone.
The stone hits you but does no damage.
You hit the giant newt.
You kill the giant newt!
Trog accepts your kill.
You closely miss the giant newt. The giant newt closely misses you.
The giant newt bites you. The kobold barely misses you.
You closely miss the giant newt. You hit the kobold.
You kill the kobold!
Trog accepts your kill. The giant newt misses you. The giant newt bites you.
You closely miss the giant newt. The giant newt barely misses you.
A giant newt comes into view.
You hit the giant newt but do no damage.
The giant newt bites you. The giant newt barely misses you.
You barely miss the giant newt. The giant newt barely misses you.
You miss the giant newt. The giant newt barely misses you.
The giant newt bites you.
You die...

#......#.####
#.#<.
#......#....#
###
#......####.###
# #......#
#..(# ..
#......# ###.#
... #.# $...
#.# .....
####)#......
#..†@l.l....
#..().......
#.....†.....
#...........
#.......###.
......###
########


You could see 2 giant newts.

Action                   || total
-------------------------++-------
Melee: Hand axe          ||    24
Invok: Berserk           ||     1
 Abil: Spit Poison       ||     7

Notes
Turn   | Place    | Note
--------------------------------------------------------------
     0 | D:1      | Duffy the Naga Berserker began the quest for the Orb.
     0 | D:1      | Reached XP level 1. HP: 21/21 MP: 1/1
   147 | D:1      | Reached XP level 2. HP: 17/28 MP: 2/2
   167 | D:1      | Slain by a giant newt

Vault maps used:
D:1:      dpeg_arrival_brainrot, minmay_lizard_king

Vanquished Creatures
  2 giant cockroaches
  3 goblins
  2 hobgoblins
  2 kobolds
  A ball python
  A bat
  4 giant newts
  A rat
16 creatures vanquished.
